 Dungeon Crawl Stone Soup version 0.21-a0-361-g4efd3f9 (webtiles) character file.

3437 CanOfBees the Magician (level 9, 0/78 HPs)
             Began as a Yellow Draconian Conjurer on Oct 13, 2017.
             Was an Elder of Okawaru.
             Slain by a hog (12 damage)
             ... on level 7 of the Dungeon.
             The game lasted 00:26:50 (11677 turns).

CanOfBees the Magician (Yellow Draconian Conjurer) Turns: 11677, Time: 00:26:50

Health: 0/78       AC:  7    Str: 12    XL:     9   Next: 77%
Magic:  11/19      EV: 12    Int: 17    God:    Okawaru [****..]
Gold:   364        SH:  0    Dex: 12    Spells: 4/22 levels left

rFire    x . .     SeeInvis .   B - +0 halberd
rCold    + . .     Gourm    .   (shield currently unavailable)
rNeg     . . .     Faith    +   (armour unavailable)
rPois    .         Spirit   .   (helmet restricted)
rElec    .         Reflect  .   (no cloak)
rCorr    +         Harm     .   (no gloves)
MR       .....                  (no boots)
Stlth    +++.......             x - amulet of faith
HPRegen  0.23/turn              h - ring of stealth
MPRegen  0.16/turn              u - ring of ice (curse)

@: no status effects
A: spit acid, acid resistance, unfitting armour, cold-blooded, AC +7
a: Breathe Acid, Heroism, Renounce Religion


You were on level 7 of the Dungeon.
You worshipped Okawaru.
Okawaru was greatly pleased with you.
You were not hungry.

You visited 1 branch of the dungeon, and saw 7 of its levels.

You collected 364 gold pieces.

Inventory:

Hand Weapons
 m - a +0 dagger of protection
 z - a +0 spear
 B - a +0 halberd (weapon)
Missiles
 c - 42 poisoned needles
 e - 47 sling bullets
 f - a javelin (quivered)
 v - 2 throwing nets
 A - 4 tomahawks
Magical Staves
 G - an uncursed staff of wizardry
Jewellery
 h - a ring of stealth (left hand)
 u - a cursed ring of ice (right hand)
 x - an amulet of faith (around neck)
 C - an uncursed ring of positive energy
Wands
 i - a wand of scattershot (2/9)
 w - a wand of random effects (17/48)
 y - a wand of iceblast (5/15)
Scrolls
 j - a scroll of magic mapping
 p - 2 scrolls of teleportation
 q - a scroll of enchant armour
 E - a scroll of immolation
 I - a scroll of enchant weapon {unknown}
 J - a scroll of identify
Potions
 d - 4 potions of lignification {unknown}
 g - a potion of degeneration {unknown}
 k - 2 potions of might {unknown}
 l - 5 potions of curing
 o - a potion of agility {unknown}
 r - 2 potions of ambrosia
 t - 2 potions of brilliance {unknown}
 H - a potion of heal wounds {unknown}
Books
 a - a book of Conjurations

   Spells                             Type                      Level
   a - Magic Dart                     Conjuration                  1
   b - Searing Ray                    Conjuration                  2
   c - Dazzling Spray                 Conjuration/Hexes            3
   d - Fulminant Prism                Conjuration/Hexes            4
   e - Force Lance                    Conjuration/Translocation    4
   f - Iskenderun's Mystic Blast      Conjuration                  4
 F - a book of Air

   Spells                             Type                      Level
   a - Shock                          Conjuration/Air              1
   b - Swiftness                      Charms/Air                   2
   c - Static Discharge               Conjuration/Air              3
   d - Airstrike                      Air                          4
   e - Lightning Bolt                 Conjuration/Air              5
Comestibles
 b - 4 bread rations
 n - 4 meat rations
 s - a royal jelly
 D - a fruit


   Skills:
 + Level 6.8 Fighting
 + Level 4.3 Polearms
 - Level 1.7 Dodging
 - Level 1.7 Stealth
 + Level 7.0 Spellcasting
 - Level 6.8 Conjurations
 - Level 4.0 Hexes
 - Level 4.0 Translocations
 * Level 3.2 Invocations


You had 4 spell levels left.
You knew the following spells:

 Your Spells              Type           Power        Failure   Level  Hunger
a - Magic Dart            Conj           ####         1%          1    None
b - Searing Ray           Conj           ####..       1%          2    None
c - Dazzling Spray        Conj/Hex       ###...       3%          3    ##.....
d - Iskenderun's Mystic   Conj           ####....     7%          4    ####...
e - Fulminant Prism       Conj/Hex       ###.......   12%         4    ####...
f - Force Lance           Conj/Tloc      ###.....     12%         4    ####...


Dungeon Overview and Level Annotations

Branches:
Dungeon (7/15)             Temple (0/1) D:7

Altars:
Cheibriados
Dithmenos
Nemelex Xobeh
Okawaru
Qazlal
Ru
Trog
Wu Jian
Xom
Zin

Shops:
D:5 %   D:6 *

Annotations:
D:4 1 runed door


Innate Abilities, Weirdness & Mutations

You can spit globs of acid.
You are resistant to acid.
Your golden yellow scales are hard. (AC +7)
You cannot fit into any form of body armour.
You are cold-blooded and may be slowed by cold attacks.


Message History

Aim: a hog (severely wounded)
You throw a javelin. The javelin barely misses the hog.
The javelin barely misses the yak.
The hog bites you! The hog bites you.
Throwing (i - inventory. (,) - cycle):
f - a javelin (quivered)
Press: ? - help, Shift-Dir - straight line, f/p - hog
Aim: a hog (severely wounded)
Okay, then.
Casting: Searing Ray
Confirm with . or Enter, or press ? or * to list all spells.
Aiming: Magic Dart
Press: ? - help, Shift-Dir - straight line, f/p - hog
Aim: a hog (severely wounded)
The magic dart hits the hog.
The hog is almost dead.
The hog bites you.
* * * LOW HITPOINT WARNING * * *
The hog completely misses you. The hog bites you!
* * * LOW HITPOINT WARNING * * *
The hog bites you!
You die...

#######..# ##.# #..#%%#..#
#..# #..#.%#..# #.##
#..'..#..## ##..## ..#h.#...#
###....## #..#...#
##.......## ##'###.####
###..#......###
#.........#####..######..)..#
##...#(...Yh@..### ###....
##..#########..# ###.. #...#
### #..# ### ##..######.#
#..# # #...###....###..#
#..##.......##..#
##..#........##.##
#...#.........#)#
##..##.........#.#


You could see a yak and a hog.

Vanquished Creatures
  A troll (D:6)
  Grinder (D:3)
  A yak (D:7)
  A human (D:7)
  A hog (D:7)
  Sigmund (D:3)
  Duvessa (D:6)
  A water moccasin (D:6)
  An ice beast (D:6)
  3 phantoms
  An orc warrior (D:6)
  A centaur (D:5)
  3 ogres
  A crocodile (D:7)
  A bullfrog (D:6)
  Dowan (D:6)
  4 scorpions
  3 howler monkeys
  A crimson imp (D:5)
  An orc priest (D:4)
  A jelly (D:6)
  11 orc wizards
  2 iguanas
  8 worker ants
  A hound zombie (D:6)
  Robin (D:3)
  4 gnolls (D:7)
  11 adders
  A shadow imp (D:5)
  An ooze (D:6)
  2 adder skeletons (D:4)
  A dart slug (D:4)
  2 leopard geckos
  20 orcs
  A ball python (D:7)
  4 bats
  9 giant cockroaches
  14 goblins
  12 hobgoblins
  13 jackals
  4 quokkas
  8 frilled lizards
  12 kobolds
  A leopard gecko zombie (D:6)
  A quokka skeleton (D:4)
  8 rats
182 creatures vanquished.

Vanquished Creatures (others)
  A fulminant prism (D:6)
1 creature vanquished.

Grand Total: 183 creatures vanquished

Notes
Turn   | Place    | Note
-------+----------+-------------------------------------------
     0 | D:1      | CanOfBees the Draconian Conjurer began the quest for the Orb.
     0 | D:1      | Reached XP level 1. HP: 14/14 MP: 3/3
   439 | D:1      | Reached XP level 2. HP: 13/20 MP: 1/5
   453 | D:1      | Learned a level 2 spell: Searing Ray
  1469 | D:2      | Reached skill level 3 in Spellcasting
  1469 | D:2      | Reached XP level 3. HP: 27/27 MP: 2/7
  1990 | D:2      | Reached skill level 1 in Fighting
  2250 | D:2      | Reached XP level 4. HP: 35/35 MP: 9/9
  2563 | D:2      | Found a bloodstained altar of Trog.
  3001 | D:3      | Noticed Grinder
  3146 | D:3      | Noticed Sigmund
  3178 | D:3      | Killed Sigmund
  3178 | D:3      | Reached skill level 4 in Spellcasting
  3178 | D:3      | Reached skill level 5 in Conjurations
  3178 | D:3      | Reached XP level 5. HP: 16/42 MP: 6/11
  3660 | D:3      | Reached XP level 6. HP: 39/50 MP: 8/12
  4050 | D:3      | Noticed an angel
  4050 | D:3      | Found a glowing silver altar of Zin.
  4050 | D:3      | Found a shimmering altar of Xom.
  4053 | D:3      | Noticed Robin
  4376 | D:3      | Killed Robin
  4587 | D:3      | Learned a level 3 spell: Dazzling Spray
  5022 | D:3      | Killed Grinder
  5022 | D:3      | Reached skill level 1 in Hexes
  5022 | D:3      | Your scales start taking on a golden yellow colour.
  5022 | D:3      | Reached XP level 7. HP: 35/57 MP: 1/14
  5234 | D:4      | Found an iron altar of Okawaru.
  5273 | D:4      | Became a worshipper of Warmaster Okawaru
  5280 | D:4      | Learned a level 4 spell: Iskenderun's Mystic Blast
  5285 | D:4      | Learned a level 4 spell: Fulminant Prism
  5346 | D:4      | Reached skill level 5 in Spellcasting
  6876 | D:4      | Reached XP level 8. HP: 66/66 MP: 14/16
  6934 | D:4      | Found a runed door.
  7168 | D:5      | Entered Level 5 of the Dungeon
  7550 | D:5      | Reached * piety under Okawaru
  7574 | D:5      | Learned a level 4 spell: Force Lance
  7596 | D:5      | Found an ornate altar of the Wu Jian Council.
  7685 | D:5      | Found Mahaedghu's Food Boutique.
  7759 | D:5      | Reached skill level 1 in Translocations
  7828 | D:5      | Reached skill level 1 in Polearms
  8189 | D:5      | Reached skill level 5 in Fighting
  8274 | D:5      | Reached ** piety under Okawaru
  8548 | D:5      | Found a sacrificial altar of Ru.
  8945 | D:6      | Found Rapn's Assorted Antiques.
  8953 | D:6      | Noticed a troll
  8971 | D:6      | Killed a troll
  8971 | D:6      | Reached XP level 9. HP: 72/75 MP: 13/17
  9011 | D:6      | Noticed Duvessa
  9011 | D:6      | Noticed Dowan
  9267 | D:6      | Reached skill level 6 in Spellcasting
  9554 | D:6      | Found a shadowy altar of Dithmenos.
  9820 | D:6      | Reached *** piety under Okawaru
 10170 | D:6      | Killed Duvessa
 10254 | D:6      | Killed Dowan
 10495 | D:6      | Found a bloodstained altar of Trog.
 10497 | D:6      | Found a sparkling altar of Nemelex Xobeh.
 10540 | D:6      | Found a stormy altar of Qazlal.
 10614 | D:7      | Learned a level 4 spell: Force Lance
 10752 | D:7      | Found a snail-covered altar of Cheibriados.
 10807 | D:7      | Found a staircase to the Ecumenical Temple.
 10862 | D:7      | Reached skill level 1 in Invocations
 11421 | D:7      | Reached **** piety under Okawaru
 11421 | D:7      | Reached skill level 7 in Spellcasting
 11677 | D:7      | Slain by a hog

Vault maps used:
D:1:      matt_arrival_grand_opening
D:2:      trog_butcher_becter
D:3:      grunt_temple_overflow_order_and_chaos_1, first_bread,
          patterned_corridor, uniq_grinder, uniq_sigmund, uniq_robin
D:4:      okawaru_ov_weapons_minmay, uniq_crazy_yiuf_cottage
D:5:      lemuel_crystal_altar, overflow_temple_1_default, serial_shops,
          kennysheep_mini_moat
D:6:      kennysheep_spiral_hall, gammafunk_temple_overflow_statue,
          nicolae_dithmenos_through_a_glass_darkly, serial_shops, shop,
          nicolae_qazlal_general_emergency, uniq_duvessa
D:7:      temple_statues, basic_altar, grunt_livestock

Skill      XL: |  1  2  3  4  5  6  7  8  9 |
---------------+----------------------------+-----
Spellcasting   | 3 4 5 7 |  7.0
Fighting       | 1 2 3 4 5 6 |  6.8
Conjurations   | 5 6 |  6.8
Hexes          | 1 3 4 |  4.0
Translocations | 4 |  4.0
Polearms       | 3 4 |  4.3
Invocations    | 3 |  3.2
Dodging        | |  1.7
Stealth        | |  1.7

Action                   |  1- 3 |  4- 6 |  7- 9 || total
-------------------------+-------+-------+-------++-------
Melee: Unarmed           |    16 |       |       ||    16
       Tailslap          |    11 |     2 |    22 ||    35
       Dagger            |    89 |    65 |    94 ||   248
       Halberd           |       |       |   109 ||   109
Throw: Javelin           |     7 |       |     4 ||    11
 Cast: Magic Dart        |    55 |    47 |   162 ||   264
       Searing Ray       |     1 |    13 |    32 ||    46
       Dazzling Spray    |       |       |     3 ||     3
       Force Lance       |       |       |     3 ||     3
       Iskenderun's Myst |       |       |     2 ||     2
       Fulminant Prism   |       |       |     1 ||     1
Invok: Heroism           |       |       |     2 ||     2
 Abil: Breathe Acid      |       |       |    30 ||    30
Evoke: Wand              |       |       |     1 ||     1
  Use: Potion            |       |     3 |     2 ||     5
       Scroll            |       |     3 |     4 ||     7
 Stab: Sleeping          |     4 |       |     4 ||     8
       Distracted        |       |       |     1 ||     1
  Eat: Chunk             |     5 |     8 |    17 ||    30
       Meat ration       |       |       |     2 ||     2
       Fruit             |       |       |     1 ||     1
Armor: Skin              |    39 |    27 |    88 ||   154
Dodge: Dodged            |    83 |    59 |   187 ||   329

Table legend:
 A = Spawn XP
 B = Non-spawn XP
 C = Spawn XP percentage of total XP
 D = Spawn monster count
 E = Non-spawn monster count
 F = Spawn count percentage of total count
 G = Total turns spent on level
                    A         B        C        D         E        F      G
               +---------+---------+-------+---------+---------+-------+---------
         Total |       0 |    4910 |   0.0 |       0 |     182 |   0.0 | 11677
               +---------+---------+-------+---------+---------+-------+---------
           D:1 |       0 |      37 |   0.0 |       0 |      23 |   0.0 |  1392
           D:2 |       0 |      76 |   0.0 |       0 |      33 |   0.0 |  1534
           D:3 |       0 |     668 |   0.0 |       0 |      33 |   0.0 |  2284
           D:4 |       0 |     658 |   0.0 |       0 |      33 |   0.0 |  2127
           D:5 |       0 |    1124 |   0.0 |       0 |      24 |   0.0 |  1513
           D:6 |       0 |    1391 |   0.0 |       0 |      19 |   0.0 |  1724
           D:7 |       0 |     956 |   0.0 |       0 |      17 |   0.0 |  1103
               +---------+---------+-------+---------+---------+-------+---------
